Map: Tours du crépuscule

Players

Heisenberg - Winner!

  • Race: Zerg Zerg
  • League: Diamond

Nejolight

  • Race: Terran Terran
  • League: Diamond

VOD

Have the link to the VOD?

Description

Time

  • Played on: March 18, 2016, 2:23 p.m.
  • Length: 10:33
Show
View Real Time Build Order
Export as new Build Order

Heisenberg Zerg - Winner!

Build Orders: Hatch First, Roach Nydus 

Get SALT Encoding   

  12  0:01  Drone  
  13  0:12  Overlord  
  13  0:17  Drone  
  14  0:30  Drone x2  
  14  0:35  Drone  
  17  0:45  Drone  
  18  0:58  Hatchery  
  18  1:00  Drone  
  18  1:03  Extractor  
  17  1:17  Spawning Pool  
  16  1:28  Drone x2  
  18  1:33  Drone  
  18  1:39  Overlord  
  19  1:59  Drone  
  19  2:04  Queen  
  19  2:05  Zergling x2  
  22  2:10  Metabolic Boost  
  22  2:12  Queen  
  22  2:15  Zergling x2  
  25  2:22  Drone x2  
  27  2:24  Zergling x2  
  28  2:32  Drone  
  28  2:35  Drone  
  30  2:42  Queen  
  32  2:49  Lair  
  32  2:52  Drone  
  32  2:54  Drone  
  34  2:58  Extractor  
  34  2:59  Drone  
  34  3:03  Drone  
  34  3:05  Drone  
  36  3:41  Overlord x2  
  36  3:56  Overlord x2  
  36  3:57  Roach Warren  
  36  3:58  Queen x2  
  39  4:05  Nydus Network  
  39  4:08  Drone x4  
  42  4:10  Drone  
  42  4:13  Drone  
  44  4:17  Drone x2  
  44  4:20  Drone  
  47  4:34  Queen  
  49  4:40  Queen  
  49  4:43  Roach x4  
  49  4:44  Roach  
  61  4:52  Roach x3  
  67  4:59  Nydus Canal  
  67  5:00  Overlord  
  67  5:04  Overseer  
  67  5:06  Zergling x2  
  68  5:07  Overlord  
  66  5:38  Roach x6  
  78  5:50  Spore Crawler  
  78  5:52  Spore Crawler  
  78  5:56  Roach  
  78  5:57  Roach x3  
  82  6:10  Ravager  
  83  6:15  Extractor  
  80  6:25  Spore Crawler  
  70  6:48  Drone x2  
  70  6:49  Drone x4  
  76  7:05  Ravager  
  76  7:06  Ravager  
  76  7:08  Drone  
  74  7:30  Hatchery  
  73  7:40  Overlord  
  73  7:44  Pneumatized Carapace  
  73  7:47  Overseer  
  73  8:00  Ravager x3  
  76  8:05  Drone  
  76  8:06  Drone x7  
  84  8:14  Overlord  
  84  8:15  Overlord  
  84  8:24  Infestation Pit  
  83  8:31  Overlord x2  
  83  8:32  Queen  
  85  9:02  Roach x9  
  103  9:19  Overlord  
  103  9:23  Drone x2  
  103  9:24  Spire  
  104  9:27  Drone x2  
  106  9:31  Queen, Extractor  
  106  9:32  Drone x2  
  106  9:33  Drone  
  110  9:45  Nydus Canal  
  110  9:46  Overseer  
Show
View Real Time Build Order
Export as new Build Order

Nejolight Terran 

Build Orders: Command Center First (CC), Liberator Opening, Mech 

Get SALT Encoding   

  12  0:01  SCV  
  13  0:13  SCV  
  14  0:17  Supply Depot  
  14  0:25  SCV  
  15  0:39  SCV  
  16  0:51  SCV  
  17  0:59  Command Center  
  17  1:03  SCV  
  18  1:14  Barracks  
  18  1:17  SCV  
  19  1:23  Refinery  
  19  1:27  Refinery  
  19  1:30  SCV  
  20  1:41  Supply Depot  
  20  1:42  SCV  
  21  2:01  Orbital Command  
  21  2:03  Reaper  
  22  2:12  Orbital Command  
  22  2:24  Factory  
  22  2:34  SCV  
  22  2:35  Marine  
  24  2:46  SCV  
  24  2:47  SCV  
  26  2:53  Marine  
  26  2:57  Bunker  
  27  2:58  SCV  
  27  3:05  SCV  
  29  3:10  SCV  
  29  3:12  Factory Reactor  
  30  3:13  Starport  
  30  3:26  SCV  
  31  3:27  Marine  
  31  3:39  Supply Depot  
  31  3:42  Liberator  
  31  3:43  Factory, Liberator, SCV  
  32  3:50  Supply Depot  
  32  3:54  Supply Depot  
  38  4:04  SCV  
  38  4:05  Marine  
  38  4:08  SCV  
  41  4:10  Widow Mine  
  43  4:23  Marine  
  43  4:24  SCV  
  45  4:27  Widow Mine  
  47  4:35  Liberator, Refinery  
  47  4:36  SCV  
  48  4:46  Factory Tech Lab  
  48  4:51  SCV  
  52  4:55  SCV  
  47  5:43  Marine  
  47  5:45  Liberator  
  47  5:46  Widow Mine  
  47  5:48  Factory  
  47  6:14  Widow Mine  
  49  6:21  Refinery  
  49  6:43  Widow Mine  
  51  6:47  Widow Mine  
  51  6:51  Starport Tech Lab  
  50  6:54  Liberator  
  50  7:06  SCV  
  54  7:17  Factory Tech Lab  
  54  7:20  Supply Depot  
  54  7:39  Widow Mine  
  53  7:46  Siege Tank  
  54  8:02  Orbital Command  
  54  8:16  SCV  
  54  8:18  Siege Tank  
  54  8:26  Hellion  
  56  8:30  SCV  
  57  8:38  Factory  
  57  8:43  SCV  
  57  8:45  Factory  
  57  8:47  Hellion  
  58  8:55  SCV  
  61  9:10  Hellion  
  61  9:18  Barracks  
  61  9:24  Barracks  
  61  9:26  Barracks  
  61  9:34  Supply Depot  
  61  9:36  Supply Depot x2  
  61  9:39  Supply Depot  
  61  9:43  Supply Depot  
  61  9:55  SCV  
  61  9:57  Viking, Siege Tank x2  
  61  9:58  Hellion x2  
  66  10:07  SCV  
  54  10:20  SCV  
Tags
 
Add a new tag
Caveats
  • Supply blocks, unpowered buildings, or Contaminate may cause inaccurate times.
  • Supply counts are checked every 10 seconds.